IL
SCRANTON WB RAILRIDERS @ DURHAM BULLS
07/21/2045
 
TOP OF THE 1ST
Durham Bulls batting - Pitching for Buffalo Bisons : RHP Shi-fu Zhui
Pitching: RHP Shi-fu Zhui
Batting: SHB Tristan Dearing 0-0: Ball
1-0: Called Strike
1-1: Swinging Strike
1-2: Fly out, F5 (Popup, 56, EV 58.1 MPH)
Batting: RHB Josh Bacon 0-0: Called Strike
0-1: Ball
1-1: Ground out 4-3 (Groundball, 4S, EV 83.1 MPH)
Batting: RHB Pat Bernier 0-0: Foul Ball, location: 2F
0-1: Called Strike
0-2: Ground out 1-3 (Groundball, 15S, EV 65.6 MPH)
Top of the 1st over - 0 runs, 0 hits, 0 errors, 0 left on base; Durham 0 - Buffalo 0
BOTTOM OF THE 1ST
Buffalo Bisons batting - Pitching for Durham Bulls : LHP Frank Rodriguez
Pitching: LHP Frank Rodriguez
Batting: RHB Dillon Chaltry 0-0: SINGLE (Line Drive, 78S, EV 100.6 MPH)
Batting: RHB Ed Corona 0-0: Called Strike
0-1: Foul Ball, location: 2F
0-2: Ball
1-2: Ball
2-2: Foul Ball, location: 2F
2-2: SINGLE (Line Drive, 6MD, EV 97.5 MPH)
Dillon Chaltry to second
Batting: SHB Jeff LaBrecque 0-0: Called Strike
0-1: Ball
1-1: Fly out, F9 (Flyball, 9LM, EV 94.4 MPH)
Runner from 2nd tags up, SAFE at 3rd, no throw by RF
Batting: RHB Josh Nienhuis 0-0: TRIPLE (Flyball, 89XD, EV 104.4 MPH)
Dillon Chaltry scores
Ed Corona scores
Batting: RHB John Bernard 0-0: Ball
1-0: Ball
Wild Pitch!
Josh Nienhuis scores
2-0: Foul Ball, location: 2F
2-1: Swinging Strike
2-2: Ball
3-2: Base on Balls
Batting: RHB Luis Rubio 0-0: Called Strike
John Bernard steals 2nd base (no throw)
0-1: Ground out 6-3 (Groundball, 6, EV 110.6 MPH)
Batting: RHB Jeremy Hathcock 0-0: Ball
1-0: Called Strike
1-1: Foul Ball, location: 2F
1-2: Foul Ball, location: 2F
1-2: Foul Ball, location: 2F
1-2: Ball
2-2: Strikes out swinging
Bottom of the 1st over - 3 runs, 3 hits, 0 errors, 1 left on base; Durham 0 - Buffalo 3
TOP OF THE 2ND
Durham Bulls batting - Pitching for Buffalo Bisons : RHP Shi-fu Zhui
Batting: LHB Robin More 0-0: Ground out 4-3 (Groundball, 4S, EV 67.5 MPH)
Batting: RHB Jamie Alejandro 0-0: Ball
1-0: Ground out 4-3 (Groundball, 4S, EV 65.0 MPH)
Batting: RHB Nate Carrell 0-0: Called Strike
0-1: SINGLE (Line Drive, 78S, EV 100.6 MPH)
Batting: SHB Hans Mikkelsen 0-0: Foul Ball, location: 2F
0-1: Called Strike
0-2: Ball
Wild Pitch!
Nate Carrell to second
1-2: Ball
2-2: Strikes out swinging
Top of the 2nd over - 0 runs, 1 hit, 0 errors, 1 left on base; Durham 0 - Buffalo 3
BOTTOM OF THE 2ND
Buffalo Bisons batting - Pitching for Durham Bulls : LHP Frank Rodriguez
Batting: RHB Porter Welsh 0-0: Foul Ball, location: 2F
0-1: Ball
1-1: Ball
2-1: Ball
3-1: Base on Balls
Batting: SHB Woody Cobbledick 0-0: Ball
1-0: Called Strike
1-1: Ball
2-1: Foul Ball, location: 2F
2-2: Strikes out swinging
Batting: RHB Dillon Chaltry 0-0: Ball
1-0: Grounds into double play, 6-4-3 (Groundball, 6S, EV 87.5 MPH)
Bottom of the 2nd over - 0 runs, 0 hits, 0 errors, 0 left on base; Durham 0 - Buffalo 3
TOP OF THE 3RD
Durham Bulls batting - Pitching for Buffalo Bisons : RHP Shi-fu Zhui
Batting: LHB Danny Hull 0-0: Called Strike
0-1: Foul Ball, location: 2F
0-2: Strikes out looking
Batting: SHB Tim Rodgers 0-0: Ball
1-0: Called Strike
1-1: Swinging Strike
1-2: Ground out U3 (Groundball, 3S, EV 86.3 MPH)
Batting: SHB Tristan Dearing 0-0: Called Strike
0-1: SINGLE (Groundball, 34D, EV 101.3 MPH)
Batting: RHB Josh Bacon 0-0: Ball
1-0: Fielders Choice at 2nd, 6-4 (Groundball, 6, EV 99.4 MPH)
Top of the 3rd over - 0 runs, 1 hit, 0 errors, 1 left on base; Durham 0 - Buffalo 3
BOTTOM OF THE 3RD
Buffalo Bisons batting - Pitching for Durham Bulls : LHP Frank Rodriguez
Batting: RHB Ed Corona 0-0: Ball
1-0: Ball
2-0: Ball
3-0: Called Strike
3-1: Base on Balls
Batting: SHB Jeff LaBrecque 0-0: Called Strike
0-1: Called Strike
0-2: Ball
1-2: Foul Ball, location: 2F
1-2: Ball
2-2: Fly out, F2 (Popup, 2LF, EV 88.8 MPH)
Batting: RHB Josh Nienhuis 0-0: Ball
1-0: Swinging Strike
1-1: Foul Ball, location: 2F
1-2: Strikes out looking
Batting: RHB John Bernard 0-0: Ball
1-0: Called Strike
1-1: Ball
2-1: Fly out, F6 (Line Drive, 6, EV 75.0 MPH)
Bottom of the 3rd over - 0 runs, 0 hits, 0 errors, 1 left on base; Durham 0 - Buffalo 3
TOP OF THE 4TH
Durham Bulls batting - Pitching for Buffalo Bisons : RHP Shi-fu Zhui
Batting: RHB Pat Bernier 0-0: Fly out, F8 (Line Drive, 8LD, EV 93.1 MPH)
Batting: LHB Robin More 0-0: Called Strike
0-1: Ball
1-1: Foul Ball, location: 2F
1-2: SINGLE (Line Drive, 56, EV 106.9 MPH)
Batting: RHB Jamie Alejandro 0-0: Foul Ball, location: 2F
0-1: SINGLE (Groundball, 56D, EV 101.9 MPH)
Robin More to second
Batting: RHB Nate Carrell 0-0: Ball
1-0: Called Strike
1-1: Ball
2-1: Ball
3-1: Swinging Strike
3-2: Foul Ball, location: 2F
3-2: Foul Ball, location: 2F
3-2: Grounds into double play, 5-4-3 (Groundball, 56S, EV 81.3 MPH)
Top of the 4th over - 0 runs, 2 hits, 0 errors, 1 left on base; Durham 0 - Buffalo 3
BOTTOM OF THE 4TH
Buffalo Bisons batting - Pitching for Durham Bulls : LHP Frank Rodriguez
Batting: RHB Luis Rubio 0-0: Foul Ball, location: 2F
0-1: Ground out 4-3 (Groundball, 4M, EV 103.1 MPH)
Batting: RHB Jeremy Hathcock 0-0: Ball
1-0: Foul Ball, location: 2F
1-1: Foul Ball, location: 2F
1-2: Foul Ball, location: 2F
1-2: Ball
2-2: Ball
3-2: Foul Ball, location: 2F
3-2: Fly out, F8 (Flyball, 8LD, EV 103.1 MPH)
Batting: RHB Porter Welsh 0-0: Foul Ball, location: 2F
0-1: Foul Ball, location: 2F
0-2: Ball
1-2: Strikes out swinging
Bottom of the 4th over - 0 runs, 0 hits, 0 errors, 0 left on base; Durham 0 - Buffalo 3
TOP OF THE 5TH
Durham Bulls batting - Pitching for Buffalo Bisons : RHP Shi-fu Zhui
Batting: SHB Hans Mikkelsen 0-0: Ball
1-0: Ball
2-0: DOUBLE (Groundball, 3L, EV 97.5 MPH)
Batting: LHB Danny Hull 0-0: Ball
1-0: DOUBLE (Groundball, 5L, EV 102.5 MPH)
Hans Mikkelsen scores
Batting: SHB Tim Rodgers 0-0: Swinging Strike
0-1: Ball
1-1: Ball
2-1: Foul Ball, location: 2F
2-2: Ball
3-2: Strikes out looking
Batting: SHB Tristan Dearing 0-0: Fly out, F8 (Line Drive, 8RD, EV 97.5 MPH)
Batting: RHB Josh Bacon 0-0: Foul Ball, location: 2F
0-1: 2-RUN HOME RUN (Flyball, 7LD, EV 94.4 MPH), Distance : 353 ft
Batting: RHB Pat Bernier 0-0: Ball
1-0: Called Strike
1-1: Ground out U3 (Groundball, 3L, EV 81.9 MPH)
Top of the 5th over - 3 runs, 3 hits, 0 errors, 0 left on base; Durham 3 - Buffalo 3
BOTTOM OF THE 5TH
Buffalo Bisons batting - Pitching for Durham Bulls : LHP Frank Rodriguez
Batting: SHB Woody Cobbledick 0-0: Ball
1-0: Called Strike
1-1: Ball
2-1: Called Strike
2-2: Ball
3-2: Base on Balls
Batting: RHB Dillon Chaltry 0-0: Ball
1-0: Ball
2-0: Called Strike
2-1: Foul Ball, location: 2F
2-2: Ball
3-2: Foul Ball, location: 2F
3-2: Foul Ball, location: 2F
3-2: Grounds into double play, 6-4-3 (Groundball, 6, EV 111.3 MPH)
Batting: RHB Ed Corona 0-0: Foul Ball, location: 2F
0-1: Ball
1-1: Ground out 4-3 (Groundball, 4, EV 96.9 MPH)
Bottom of the 5th over - 0 runs, 0 hits, 0 errors, 0 left on base; Durham 3 - Buffalo 3
TOP OF THE 6TH
Durham Bulls batting - Pitching for Buffalo Bisons : RHP Shi-fu Zhui
Batting: LHB Robin More 0-0: Called Strike
0-1: Ball
1-1: Called Strike
1-2: SINGLE (Line Drive, 6M, EV 108.8 MPH)
Batting: RHB Jamie Alejandro 0-0: Foul Ball, location: 2F
0-1: Ball
1-1: 2-RUN HOME RUN (Flyball, 89XD, EV 103.1 MPH), Distance : 427 ft
Pitching: RHP Brent Kip
Batting: RHB Nate Carrell 0-0: Called Strike
0-1: Ball
1-1: DOUBLE (Line Drive, 89XD, EV 107.5 MPH)
Batting: SHB Hans Mikkelsen 0-0: Intentional Walk
Batting: LHB Danny Hull 0-0: Called Strike
0-1: Swinging Strike
0-2: Strikes out swinging
Batting: SHB Tim Rodgers 0-0: Called Strike
0-1: Ball
1-1: Fielders Choice at 2nd, 4-6 (Groundball, 4, EV 85.0 MPH)
Nate Carrell to third
Batting: SHB Tristan Dearing 0-0: SINGLE (Groundball, 34D, EV 101.3 MPH)
Nate Carrell scores
Tim Rodgers to second
Runner from 2nd tries for 3rd, SAFE, no throw by RF
Batting: RHB Josh Bacon 0-0: Ground out 4-3 (Groundball, 4, EV 106.3 MPH)
Top of the 6th over - 3 runs, 4 hits, 0 errors, 2 left on base; Durham 6 - Buffalo 3
BOTTOM OF THE 6TH
Buffalo Bisons batting - Pitching for Durham Bulls : LHP Frank Rodriguez
Batting: SHB Jeff LaBrecque 0-0: Swinging Strike
0-1: SINGLE (Groundball, 6MD, EV 101.3 MPH)
Batting: RHB Josh Nienhuis 0-0: Grounds into double play, 1-4-3 (Groundball, 15S, EV 65.6 MPH)
Batting: RHB John Bernard 0-0: Called Strike
0-1: Ball
1-1: Ball
2-1: Foul Ball, location: 2F
2-2: Ball
3-2: Fly out, F9 (Line Drive, 9, EV 101.9 MPH)
Bottom of the 6th over - 0 runs, 1 hit, 0 errors, 0 left on base; Durham 6 - Buffalo 3
TOP OF THE 7TH
Durham Bulls batting - Pitching for Buffalo Bisons : RHP Brent Kip
Batting: RHB Pat Bernier 0-0: Swinging Strike
0-1: Ball
1-1: Ball
2-1: Ball
3-1: Swinging Strike
3-2: Ground out 4-3 (Groundball, 4, EV 105.6 MPH)
Batting: LHB Robin More 0-0: Ball
1-0: Called Strike
1-1: Called Strike
1-2: Foul Ball, location: 2F
1-2: Ground out 4-3 (Groundball, 4, EV 98.1 MPH)
Batting: RHB Jamie Alejandro 0-0: Ball
1-0: Ball
2-0: Ball
3-0: Base on Balls
Batting: RHB Nate Carrell 0-0: Foul Ball, location: 2F
0-1: Ball
1-1: SINGLE (Groundball, 56D, EV 101.3 MPH)
Jamie Alejandro to second
Runner from 2nd tries for 3rd, SAFE, no throw by LF
Batting: SHB Hans Mikkelsen 0-0: Ball
1-0: Called Strike
1-1: Ball
2-1: Called Strike
2-2: Ball
3-2: Strikes out swinging
Top of the 7th over - 0 runs, 1 hit, 0 errors, 2 left on base; Durham 6 - Buffalo 3
BOTTOM OF THE 7TH
Buffalo Bisons batting - Pitching for Durham Bulls : LHP Frank Rodriguez
Batting: RHB Luis Rubio 0-0: SINGLE (Groundball, 56D, EV 108.1 MPH)
Batting: RHB Jeremy Hathcock 0-0: Ball
1-0: SINGLE (Line Drive, 9S, EV 110.0 MPH)
Luis Rubio to second
Pitching: RHP Alfonso Ortega
Batting: RHB Porter Welsh 0-0: Foul Ball, location: 2F
0-1: Ball
1-1: Foul Ball, location: 2F
1-2: Grounds into double play, 6-4-3 (Groundball, 6MD, EV 90.6 MPH)
Luis Rubio to third
Batting: SHB Woody Cobbledick 0-0: Ball
1-0: Called Strike
1-1: Foul Ball, location: 2F
1-2: Ball
2-2: Foul Ball, location: 2F
2-2: Ball
3-2: Strikes out swinging
Bottom of the 7th over - 0 runs, 2 hits, 0 errors, 1 left on base; Durham 6 - Buffalo 3
TOP OF THE 8TH
Durham Bulls batting - Pitching for Buffalo Bisons : RHP Brent Kip
Pitching: LHP Alex Montesinos
Batting: LHB Danny Hull 0-0: Fly out, F8 (Flyball, 78D, EV 97.5 MPH)
Batting: SHB Tim Rodgers 0-0: Ground out 6-3 (Groundball, 6S, EV 85.0 MPH)
Batting: SHB Tristan Dearing 0-0: Ball
1-0: Ball
2-0: Ball
3-0: Base on Balls
Batting: RHB Josh Bacon 0-0: Foul Ball, location: 2F
0-1: Ball
1-1: Ball
2-1: Swinging Strike
2-2: Foul Ball, location: 2F
2-2: Foul Ball, location: 2F
2-2: Strikes out swinging
Top of the 8th over - 0 runs, 0 hits, 0 errors, 1 left on base; Durham 6 - Buffalo 3
BOTTOM OF THE 8TH
Buffalo Bisons batting - Pitching for Durham Bulls : RHP Alfonso Ortega
Batting: RHB Dillon Chaltry 0-0: Called Strike
0-1: Ball
1-1: Swinging Strike
1-2: Ball
2-2: Ball
3-2: Foul Ball, location: 2F
3-2: Base on Balls
Batting: RHB Ed Corona 0-0: Ball
1-0: Fielders Choice at 2nd, 5-4 (Groundball, 5L, EV 90.0 MPH)
Batting: SHB Jeff LaBrecque 0-0: Foul Ball, location: 2F
0-1: Foul Ball, location: 2F
0-2: Strikes out swinging
Batting: RHB Josh Nienhuis 0-0: Called Strike
0-1: Foul Ball, location: 2F
0-2: Ball
1-2: Ball
2-2: Ground out 6-3 (Groundball, 56, EV 97.5 MPH)
Bottom of the 8th over - 0 runs, 0 hits, 0 errors, 1 left on base; Durham 6 - Buffalo 3
TOP OF THE 9TH
Durham Bulls batting - Pitching for Buffalo Bisons : LHP Alex Montesinos
Batting: RHB Pat Bernier 0-0: Ball
1-0: Called Strike
SINGLE, rundown, safe at 1st
Batting: LHB Robin More 0-0: Ball
1-0: Ball
2-0: Foul Ball, location: 2F
2-1: Foul Ball, location: 2F
2-2: Fielders Choice at 2nd, 3-6 (Groundball, 3, EV 98.8 MPH)
Batting: RHB Jamie Alejandro 0-0: Ball
1-0: Called Strike
1-1: Foul Ball, location: 2F
1-2: Strikes out swinging
Batting: RHB Nate Carrell 0-0: Called Strike
0-1: Fly out, F5 (Line Drive, 5, EV 61.3 MPH)
Top of the 9th over - 0 runs, 1 hit, 0 errors, 1 left on base; Durham 6 - Buffalo 3
BOTTOM OF THE 9TH
Buffalo Bisons batting - Pitching for Durham Bulls : RHP Alfonso Ortega
Pitching: RHP Corey Jacobson
Batting: RHB John Bernard 0-0: Fly out, F8 (Flyball, 89XD, EV 94.4 MPH)
Batting: RHB Luis Rubio 0-0: Swinging Strike
0-1: Ground out U3 (Groundball, 34, EV 105.6 MPH)
Batting: RHB Jeremy Hathcock 0-0: Called Strike
0-1: Swinging Strike
0-2: Strikes out looking
Bottom of the 9th over - 0 runs, 0 hits, 0 errors, 0 left on base; Durham 6 - Buffalo 3
Wednesday, June 22nd , 2022 - OOTP Baseball 23.4 Build 64